 Dungeon Crawl Stone Soup version 0.23.0 (webtiles) character file.

Game seed: 7732450641401633037

18 MalarOregon the Caller (level 2, -3/19 HPs)
             Began as a Merfolk Summoner on Feb 14, 2019.
             Slain by a goblin (4 damage)
             ... led by Robin
             ... on level 2 of the Dungeon.
             The game lasted 00:03:08 (1942 turns).

MalarOregon the Caller (Merfolk Summoner)           Turns: 1942, Time: 00:03:09

Health: -3/19      AC:  2    Str:  8    XL:     2   Next: 70%
Magic:  1/5        EV: 13    Int: 14    God:
Gold:   38         SH:  0    Dex: 14    Spells: 3/6 levels left

rFire    . . .     SeeInvis .   c - +0 dagger
rCold    . . .     Gourm    .   (no shield)
rNeg     . . .     Faith    .   a - +0 robe
rPois    .         Spirit   .   (no helmet)
rElec    .         Reflect  .   (no cloak)
rCorr    .         Harm     .   (no gloves)
MR       +....                  (no boots)
Stlth    ++........             (no amulet)
HPRegen  0.06/turn              l - ring of protection from magic
MPRegen  0.09/turn              (no ring)

@: no status effects
A: change form in water, swift swim, stealthy swim
a: no special abilities


You were on level 2 of the Dungeon.
You were hungry.

You visited 1 branch of the dungeon, and saw 2 of its levels.

You collected 38 gold pieces.

Inventory:

Hand Weapons
 c - a +0 dagger (weapon)
   (You took it off a kobold on level 1 of the Dungeon)
Armour
 a - a +0 robe (worn)
Jewellery
 l - a ring of protection from magic (left hand)
   (You found it on level 1 of the Dungeon)
Scrolls
 g - 2 scrolls of remove curse {unknown}
 h - a scroll of noise {unknown}
Potions
 b - a potion of cancellation {unknown}
 d - 2 potions of heal wounds {unknown}
 f - a potion of berserk rage {unknown}
Comestibles
 e - 2 rations {!d}


   Skills:
 - Level 2.6 Dodging
 - Level 2.1 Stealth
 + Level 2.5 Spellcasting
 + Level 4.3 Summonings


You had 3 spell levels left.
You knew the following spells:

 Your Spells              Type           Power        Failure   Level  Hunger
a - Summon Small Mammal   Summ           ##..         3%          1    #......
x - Call Imp              Summ           ##......     5%          2    ###....

Your spell library contained the following spells:

 Spells                   Type           Power        Failure   Level  Hunger
 Call Canine Familiar     Summ           ##......     11%         3    ###....
 Summon Guardian Golem    Hex/Summ       #.......     28%         3    ###....
 Summon Ice Beast         Ice/Summ       #.......     67%         4    #####..
 Summon Lightning Spire   Summ/Air       #.......     67%         4    #####..


Dungeon Overview and Level Annotations

Branches:
Dungeon (2/15)

Altars:

Annotations:
D:2 Robin


Message History

Orders for allies: a - Attack new target. p - Attack previous target. r - Retreat! s - Stop attacking. g - Guard the area. f - Follow me.
Anything else - Cancel.
Gang up on whom?
Aim: a worm (heavily wounded) Attack!
Your crimson imp blinks!
A hobgoblin comes into view.
The hobgoblin shouts! 3 goblins and Robin come into view.
The goblin shouts!
The hobgoblin barely misses you.
Robin shouts!
The goblin shouts! x2
You are feeling hungry.
You hear a shout!
The hobgoblin closely misses you.
You hear a shout! x2
You barely miss the hobgoblin. The hobgoblin misses you.
Your quokka bites the hobgoblin.
You hit the hobgoblin.
Your quokka bites the hobgoblin.
The hobgoblin dies!
The goblin hits your quokka.
A hobgoblin comes into view. It is wielding a +0 club.
A goblin comes into view. It is wielding a +0 club.
Your quokka closely misses the goblin.
Robin throws the goblin at you!
* * * LOW HITPOINT WARNING * * *
A goblin comes into view.
The goblin hits your quokka.
You swap places.
The goblin barely misses your quokka.
A hobgoblin comes into view. It is wielding a +0 club.
A goblin comes into view.
The goblin closely misses you.
Your crimson imp blinks!
Unknown command.
You swap places.
The goblin closely misses your quokka.
Robin roars a battlecry!
The goblins go into a battle-frenzy!
Robin roars a battlecry!
Your crimson imp misses the goblin.
Robin hits your quokka with a +0 club.
Your quokka dies!
Your quokka's corpse disappears in a puff of smoke!
Robin throws the goblin at you!
* * * LOW HITPOINT WARNING * * *
The goblin hits you.
* * * LOW HITPOINT WARNING * * *
Your crimson imp misses the goblin.
You hit the goblin. The goblin hits you.
You die...

### .g gg #.
#####g### #######.#
........###.g@g...#
.......gg.5.####..#
####.#.##### # #.#
#g# #w# #.# #ยง#
#.#


You could see Robin, 3 goblins and a friendly crimson imp.

Vanquished Creatures
  A giant cockroach (D:1)
  2 hobgoblins (D:2)
  A jackal (D:1)
  A bat (D:1)
  2 frilled lizards (D:1)
  4 rats (D:1)
11 creatures vanquished.

Vanquished Creatures (collateral kills)
  2 dart slugs (D:1)
  A bat (D:1)
  2 hobgoblins
  5 kobolds (D:1)
10 creatures vanquished.

Grand Total: 21 creatures vanquished

Notes
Turn   | Place    | Note
-------+----------+-------------------------------------------
     0 | D:1      | MalarOregon the Merfolk Summoner began the quest for the
                  | Orb.
     0 | D:1      | Reached XP level 1. HP: 13/13 MP: 3/3
   657 | D:1      | Reached XP level 2. HP: 13/19 MP: 1/5
  1885 | D:1      | Learned a level 2 spell: Call Imp
  1930 | D:2      | Noticed Robin
  1942 | D:2      | Slain by a goblin

Action                   || total
-------------------------++-------
Melee: Unarmed           ||    16
       Dagger            ||    53
 Cast: Summon Small Mamm ||    28
       Call Imp          ||     4
 Stab: Distracted        ||     1
       Sleeping          ||     2
  Eat: Ration            ||     1
Armor: Robe              ||    10
Dodge: Dodged            ||    51
